 Dungeon Sprint DCSS version 0.29.1-12-g30fa7ad0bf (webtiles) character file.

Game seed: 3277245304721551266

7129 Groucho the Unseen (level 10, 0/51 HPs)
             Began as a Spriggan Enchanter on Jan 4, 2023.
             Was an Elder of Dithmenos.
             Blown up by a great orb of eyes (39 damage)
             ... with a mindburst bolt
             ... in the Dungeon (Sprint II: "The Violet Keep of Menkaure").
             The game lasted 00:08:06 (1219 turns).

Groucho the Unseen (Spriggan Enchanter)             Turns: 1219, Time: 00:08:06

Health: 0/51       AC:  2    Str:  8    XL:     10   Next: 85%
Magic:  27/32      EV: 22    Int: 16    God:    Dithmenos [****..]
Gold:   935        SH:  0    Dex: 17    Spells: 32/43 levels left

rFire   . . .      SeeInvis +   a - +1 dagger
rCold   . . .      Faith    .   (no shield)
rNeg    . . .      Spirit   .   f - +0 robe of Gluttony {+Blink}
rPois   .          Reflect  .   (helmet restricted)
rElec   .          Harm     .   (no cloak)
rCorr   .          Rampage  .   (gloves unavailable)
Will    +....      NoTele   +   (boots unavailable) Stlth *+++++++++
                                (no amulet)
HPRegen 0.17/turn               (no ring)
MPRegen 0.23/turn               (no ring)

@: wreathed by umbra, invisible (expiring), very quick
A: very small, no large weapons, unfitting armour, see invisible, speed 3
a: Renounce Religion, Evoke Blink, Shadow Step


You were in the Dungeon.
You worshipped Dithmenos.
Dithmenos was greatly pleased with you.
You visited 1 branch You collected 1233 gold pieces.
You spent 298 gold pieces at shops.

Inventory:

Hand Weapons
 a - a +1 dagger (weapon)
Armour
 f - the +0 robe of Gluttony (worn) {+Blink}
   (You bought it in a shop in the Dungeon)

   +Blink:    It lets you blink.
Scrolls
 i - a scroll of blinking
Potions
 b - 3 potions of flight
 e - a potion of heal wounds
 g - 2 potions of magic


   Skills:
 + Level 4.9 Fighting
 - Level 10.0 Short Blades
 + Level 8.4 Dodging
 - Level 18.5 Stealth
 - Level 17.3 Spellcasting
 - Level 14.0 Hexes
 + Level 5.9 Invocations
 + Level 7.8 Evocations


You had 32 spell levels left.
You knew the following spells:

 Your Spells              Type           Power      Damage    Failure   Level
a - Ensorcelled Hibernat  Hex/Ice        72%        N/A       1%          2
b - Confusing Touch       Hex            55%        N/A       1%          3
c - Dazzling Flash        Conj/Hex       72%        N/A       1%          3
d - Tukima's Dance        Hex            55%        N/A       1%          3

Your spell library contained the following spells:

 Spells                   Type           Power      Damage    Failure   Level


Dungeon Overview and Level Annotations

Branches:
Dungeon (1/1)

Altars:
Cheibriados
Dithmenos
Elyvilon
Fedhas
Gozag
Hepliaklqana
Kikubaaqudgha
Makhleb
Nemelex Xobeh
Okawaru
Qazlal
Ru
Sif Muna
Trog
Uskayaw
Vehumet
Wu Jian
Xom
Yredelemnul
Zin
The Shining One
Jiyva
Lugonu

Shops:
D =!:[?(((!=!?(:[

Annotations:
D exclusion: oklob plant, Menkaure


Innate Abilities, Weirdness & Mutations

You are very small and have problems with some larger weapons.
You are too small for most types of armour.
You have supernaturally acute eyesight. (SInv)
You cover ground extremely quickly. (Speed+++)


Message History

You open the large door.
An unseen horror, 3 wyverns, 3 manticores and 2 floating eyes come into view.
The great orb of eyes turns its gaze towards you.
Found eight items.
There is an open door here.
You see here a black bear corpse.
You see here a black bear corpse.
You start waiting.
A great orb of eyes is nearby!
Casting: Confusing Touch (safe; 1% risk of failure)
Confirm with . or Enter, or press ? or * to list all spells.
Casting: Dazzling Flash (safe; 1% risk of failure)
Press: ? - help, Dir - look around, f - activate Unknown command.
Unknown command.
Casting: Dazzling Flash (safe; 1% risk of failure)
Confirm with . or Enter, or press ? or * to list all spells.
Casting: Dazzling Flash (safe; 1% risk of failure)
Press: ? - help, Dir - look around, f - activate The great orb of eyes is dazzled.
Unknown command.
Unknown command.
You hit the great orb of eyes but do no damage.
You barely miss the great orb of eyes. The great orb of eyes gazes at you.
You suddenly lose the ability to move!
You flicker for a moment.
The great orb of eyes completely misses you.
The great orb of eyes bites you but does no damage.
The great orb of eyes gazes at you. You resist with significant effort.
The great orb of eyes bites you!
You can move again.
You hit the great orb of eyes but do no damage.
You completely miss the great orb of eyes.
Your shadow hits the great orb of eyes with a dagger.
The great orb of eyes gazes at you.
Your mind is blasted!
Ouch! That really hurt!
You die...

#⌠[.G #[$$ ##''## # ##≈..G### ~##
#)≈.....### #~~#+++# ####^..^#.##
~~~.... +....#..# ~~~~.## ##
####.#†.# ~~~~##.
.##.####@G'.##.# ~~~~#..#..#
...#†.#.^.####
~~####...####..#####^.##.# $?$
~##.###'###.##..#..'..#..#▓)$$$?
†#...##.##.#.#..#..#..#..#▓!$:?$?
~'.#.'.<.'###'..####^^##†#▓$)!)?)
~#.).##.##.#.#.§..###..)##▓▓▓▓▓▓▓
~##.###'###.##....§.~~~~~~~~~~~~~
~~####.#.####~~.§..§~#÷########'#


You could see a great orb of eyes (blind).

Vanquished Creatures
  A deep elf master archer (D)
  A fire dragon (D)
  A crystal guardian (D)
  2 boulder beetles (D)
  2 death drakes (D)
  A merfolk siren (D)
  A yaktaur (D)
  3 polar bears (D)
  A hornet (D)
  2 wyverns (D)
  A water moccasin (D)
  3 black bears (D)
  2 swamp drakes (D)
  4 necrophages (D)
  A hell rat (D)
26 creatures vanquished.

Vanquished Creatures (others)
  A water moccasin (D)
1 creature vanquished.

Grand Total: 27 creatures vanquished

Notes
Turn   | Place    | Note
-------+----------+-------------------------------------------
     0 | D        | Groucho the Spriggan Enchanter began the quest for the Orb.
     0 | D        | Reached XP level 1. HP: 9/9 MP: 5/5
     3 | D        | Noticed a necrophage
     3 | D        | Noticed a necrophage
     3 | D        | Noticed a necrophage
     3 | D        | Noticed a necrophage
    15 | D        | Killed a necrophage
    16 | D        | Reached skill level 8 in Stealth
    16 | D        | Reached skill level 5 in Hexes
    16 | D        | Reached XP level 2. HP: 13/13 MP: 5/8
    16 | D        | Reached XP level 3. HP: 16/16 MP: 6/10
    18 | D        | Killed a necrophage
    19 | D        | Reached skill level 10 in Stealth
    19 | D        | Reached skill level 5 in Spellcasting
    19 | D        | Reached XP level 4. HP: 17/21 MP: 6/12
    24 | D        | Killed a necrophage
    25 | D        | Reached skill level 5 in Short Blades
    25 | D        | Reached skill level 11 in Stealth
    25 | D        | Reached XP level 5. HP: 4/24 MP: 6/14
    27 | D        | Reached skill level 12 in Stealth
    32 | D        | Noticed a wyvern
    32 | D        | Noticed a wyvern
    35 | D        | Killed a wyvern
    36 | D        | Reached skill level 14 in Stealth
    36 | D        | Reached XP level 6. HP: 15/28 MP: 7/18
    38 | D        | Killed a wyvern
    39 | D        | Reached skill level 15 in Stealth
    39 | D        | Reached XP level 7. HP: 17/32 MP: 7/20
    42 | D        | Noticed a boulder beetle
    42 | D        | Noticed a boulder beetle
    45 | D        | Noticed a merfolk siren
    48 | D        | Killed a merfolk siren
    49 | D        | Reached skill level 16 in Stealth
    57 | D        | Learned a level 2 spell: Ensorcelled Hibernation
    61 | D        | Learned a level 3 spell: Confusing Touch
    65 | D        | Learned a level 3 spell: Dazzling Flash
    69 | D        | Learned a level 3 spell: Tukima's Dance
   600 | D        | Killed a boulder beetle
   601 | D        | Reached skill level 18 in Stealth
   601 | D        | Reached skill level 10 in Spellcasting
   601 | D        | Reached skill level 10 in Hexes
   601 | D        | Reached XP level 8. HP: 36/36 MP: 19/23
   728 | D        | Killed a boulder beetle
   729 | D        | Reached skill level 10 in Short Blades
   729 | D        | Reached XP level 9. HP: 39/39 MP: 21/26
   741 | D        | Found Eleefe's Book Boutique.
   741 | D        | Found Oczu's Magic Scroll Shop.
   741 | D        | Found Tuyrotta's Jewellery Boutique.
   741 | D        | Found Urozeycw's Distillery.
   741 | D        | Found Siyhafy's Distillery.
   742 | D        | Found Oragg's Antique Armour Shop.
   742 | D        | Found Techy's Antique Weapon Shop.
   743 | D        | Found Wesses Ituri's Weapon Boutique.
   743 | D        | Found Qucoc's Weapon Shop.
   743 | D        | Found Jucro's Antique Weapon Boutique.
   743 | D        | Noticed an iron elemental
   752 | D        | Found Joiphy's Magic Scroll Shop.
   752 | D        | Found Zepaq's Antique Armour Boutique.
   752 | D        | Noticed an oklob plant
   753 | D        | Found Wecotara's Distillery.
   753 | D        | Found Hyvot's Jewellery Boutique.
   753 | D        | Found Feafroxo's Book Shoppe.
   789 | D        | Bought a potion of flight for 33 gold pieces
   793 | D        | Bought a colourful robe for 153 gold pieces
   793 | D        | Identified the +0 robe of Gluttony {+Blink} (You bought it
                  | in a shop in the Dungeon)
   822 | D        | Bought a potion of invisibility for 112 gold pieces
   877 | D        | Found a glowing golden altar of the Shining One.
   877 | D        | Found an ornate altar of the Wu Jian Council.
   878 | D        | Found a stormy altar of Qazlal.
   879 | D        | Found a shimmering altar of Xom.
   879 | D        | Found a sacrificial altar of Ru.
   880 | D        | Found a basalt altar of Yredelemnul.
   880 | D        | Found a shimmering blue altar of Sif Muna.
   881 | D        | Found a glowing silver altar of Zin.
   881 | D        | Found a bloodstained altar of Trog.
   881 | D        | Found an ancient bone altar of Kikubaaqudgha.
   881 | D        | Found a viscous altar of Jiyva.
   882 | D        | Found a hide-covered altar of Uskayaw.
   882 | D        | Found a corrupted altar of Lugonu.
   882 | D        | Found a shadowy altar of Dithmenos.
   885 | D        | Found a radiant altar of Vehumet.
   885 | D        | Found a burning altar of Makhleb.
   885 | D        | Found a white marble altar of Elyvilon.
   886 | D        | Found a sparkling altar of Nemelex Xobeh.
   886 | D        | Found a blossoming altar of Fedhas.
   888 | D        | Found an iron altar of Okawaru.
   888 | D        | Found an opulent altar of Gozag.
   888 | D        | Found a hazy altar of Hepliaklqana.
   888 | D        | Found a snail-covered altar of Cheibriados.
   888 | D        | Noticed a polar bear
   889 | D        | Noticed a yaktaur
   889 | D        | Noticed a polar bear
   891 | D        | Noticed Menkaure
   896 | D        | Became a worshipper of Dithmenos the Shadowed
   900 | D        | Noticed a polar bear
   905 | D        | Killed a polar bear
   911 | D        | Killed a yaktaur
   911 | D        | Reached * piety under Dithmenos
   923 | D        | Noticed a deep elf master archer
   928 | D        | Killed a deep elf master archer
   929 | D        | Reached XP level 10. HP: 44/44 MP: 25/31
   963 | D        | Reached ** piety under Dithmenos
   964 | D        | Reached skill level 1 in Fighting
   964 | D        | Reached skill level 1 in Invocations
  1136 | D        | Noticed a death drake
  1153 | D        | Noticed a death drake
  1153 | D        | Noticed a crystal guardian
  1154 | D        | Reached *** piety under Dithmenos
  1156 | D        | Killed a crystal guardian
  1157 | D        | Reached skill level 5 in Dodging
  1157 | D        | Reached skill level 5 in Evocations
  1158 | D        | Killed a death drake
  1160 | D        | Killed a death drake
  1160 | D        | Reached **** piety under Dithmenos
  1161 | D        | Reached skill level 5 in Invocations
  1171 | D        | Noticed a fire dragon
  1174 | D        | Killed a fire dragon
  1200 | D        | Noticed a manticore
  1200 | D        | Noticed a manticore
  1200 | D        | Noticed a manticore
  1200 | D        | Noticed a great orb of eyes
  1200 | D        | Noticed a shining eye
  1213 | D        | Paralysed by a great orb of eyes for 4 turns
  1219 | D        | Blown up by a great orb of eyes

Illustrated notes

Levels and vault maps discovered:
D:        the_violet_keep_of_menkaure [sprint2_stairs_cluster_1,
          sprint2_shoproom, sprint2_temple, sprint2_basic_supplies,
          sprint2_obstacle_6, sprint2_obstacle_3, sprint2_obstacle_1,
          sprint2_obstacle_2, sprint2_obstacle_7, sprint2_timed_cluster_1,
          sprint2_smallroom_cluster_1, sprint2_smallroom_final_cluster_1,
          sprint2_transparent_cluster_1, sprint2_second_timed_cluster_1,
          sprint2_sniper_area_1, sprint2_heavy_combat_area_1,
          sprint2_mutation_trap_area_1, sprint2_forest_area_1,
          sprint2_light_combat_area_1, sprint2_behind_water_1,
          sprint2_near_end_vault_1]

Skill      XL: |  1  2  3  4  5  6  7  8  9 10 |
---------------+-------------------------------+-----
Short Blades   | 3 4 5 6 7 9 10 | 10.0
Stealth        | 8 10 11 14 15 18 | 18.5
Spellcasting   | 4 5 6 8 10 12 16 17 | 17.3
Hexes          | 5 6 8 10 12 14 | 14.0
Fighting       | 4 |  4.9
Dodging        | 8 |  8.4
Invocations    | 5 |  5.9
Evocations     | 7 |  7.8

Action                   |  1- 3 |  4- 6 |  7- 9 | 10-12 || total
-------------------------+-------+-------+-------+-------++-------
Melee: Dagger            |    12 |    10 |    12 |    21 ||    55
 Cast: Ensorcelled Hiber |       |       |    11 |       ||    11
       Confusing Touch   |       |       |       |     2 ||     2
       Dazzling Flash    |       |       |       |     2 ||     2
 Abil: Evoke Blink       |       |       |       |     1 ||     1
  Use: Potion            |     3 |     1 |     2 |     1 ||     7
       Scroll            |       |       |       |     1 ||     1
 Stab: Invisible         |     2 |     3 |     1 |       ||     6
       Sleeping          |     1 |     2 |     8 |     9 ||    20
       Confused          |       |       |       |     3 ||     3
Armor: Robe              |       |       |       |     2 ||     2
Dodge: Dodged            |    18 |     2 |     9 |     3 ||    32
